 Dungeon Crawl Stone Soup version 0.21.1-1-g345015f (webtiles) character file.

72569 Mesmaeker13 the Nimble (level 15, 0/90 HPs)
             Began as a Deep Elf Ice Elementalist on Apr 14, 2018.
             Was a High Priest of Sif Muna.
             Killed from afar by Roxanne (38 damage)
             ... with a crystal spear
             ... on level 14 of the Dungeon on Apr 15, 2018.
             The game lasted 01:35:16 (37965 turns).

Mesmaeker13 the Nimble (Deep Elf Ice Elementalist) Turns: 37965, Time: 01:35:17

Health: 0/90       AC: 13    Str: 12    XL:     15   Next: 1%
Magic:  21/30      EV: 26    Int: 23    God:    Sif Muna [*****.]
Gold:   1844       SH:  7    Dex: 15    Spells: 5/32 levels left

rFire    . . .     SeeInvis .   n - +10 spear of the Dungeon {pierce, rPois rC++}
rCold    + + +     Gourm    .   M - +2 buckler
rNeg     . . .     Faith    .   x - +2 leather armour {rF+}
rPois    +         Spirit   .   l - +2 helmet
rElec    .         Reflect  .   a - +1 cloak {MR+}
rCorr    .         Harm     .   G - +1 pair of gloves {Str+3}
MR       ++...                  J - +0 pair of boots
Stlth    ++........             A - amulet of magic regeneration
HPRegen  0.25/turn              y - +4 ring of evasion
MPRegen  0.47/turn              k - ring of ice

@: no status effects
A: no striking features
a: Divine Energy, Channel Magic, Forget Spell, Renounce Religion


You were on level 14 of the Dungeon.
You worshipped Sif Muna.
Sif Muna was extremely pleased with you.
You were not hungry.

You visited 4 branches of the dungeon, and saw 23 of its levels.
You also visited: Sewer and Volcano.

You collected 2251 gold pieces.
You spent 407 gold pieces at shops.

Inventory:

Hand Weapons
 n - the +10 spear of the Dungeon (weapon) {pierce, rPois rC++}
   (You took it off Dowan on level 5 of the Dungeon)

   It inflicts extra damage upon your enemies.
   It greatly protects you from cold.
   It protects you from poison.
 v - a +0 war axe
 D - a +1 scimitar of flaming
Armour
 a - a +1 cloak of magic resistance (worn)
 l - a +2 helmet (worn)
 m - a +0 shield
 x - a +2 leather armour of fire resistance (worn)
 G - a +1 pair of gloves of strength (worn)
 J - a +0 pair of boots (worn)
 M - a +2 buckler (worn)
Magical Staves
 h - an uncursed staff of conjuration
Jewellery
 i - an uncursed ring of resist corrosion
 k - a ring of ice (right hand)
 y - a +4 ring of evasion (left hand)
 A - an amulet of magic regeneration (around neck)
Wands
 E - a wand of digging (3)
 F - a wand of acid (45)
 I - a wand of flame (23)
 K - a wand of clouds (4)
Scrolls
 e - 9 scrolls of teleportation
 f - 6 scrolls of remove curse
 g - 3 scrolls of fear
 w - 2 scrolls of blinking
 C - 2 scrolls of magic mapping
 H - a scroll of summoning
Potions
 d - 3 potions of flight
 j - 4 potions of haste
 p - 4 potions of curing
 q - a potion of magic
 r - 3 potions of lignification
 s - a potion of ambrosia
 t - 2 potions of agility
 u - 3 potions of mutation
 z - a potion of cancellation {unknown}
 B - 3 potions of berserk rage
 O - a potion of invisibility {unknown}
 P - 3 potions of brilliance {unknown}
 S - 3 potions of might
 T - 3 potions of resistance
 W - 2 potions of heal wounds
Books
 b - Sif Muna's Guide on Shifting Curses
   (Sif Muna gifted it to you on level 2 of the Orcish Mines)

   Spells                             Type                      Level
   a - Passwall                       Transmutation/Earth          2
   b - Dazzling Spray                 Conjuration/Hexes            3
   c - Portal Projectile              Hexes/Translocation          3
   d - Ice Form                       Ice/Transmutation            4
   e - Petrify                        Transmutation/Earth          4
   f - Summon Mana Viper              Hexes/Summoning              5
   g - Silence                        Hexes/Air                    5
   h - Darkness                       Hexes                        6
Comestibles
 c - 19 rations
 o - 3 chunks of flesh


   Skills:
 - Level 9.0 Fighting
 + Level 14.8 Dodging
 - Level 2.4 Stealth
 + Level 4.1 Shields
 - Level 9.0 Spellcasting
 + Level 11.8 Conjurations
 - Level 5.1 Charms
 - Level 9.4 Summonings
 - Level 12.7 Ice Magic
 + Level 7.9 Air Magic


You had 5 spell levels left.
You knew the following spells:

 Your Spells              Type           Power        Failure   Level  Hunger
b - Summon Ice Beast      Ice/Summ       #######.     1%          4    ##.....
c - Ozocubu's Armour      Chrm/Ice       ######..     1%          3    None
d - Throw Icicle          Conj/Ice       #######.     1%          4    ##.....
e - Summon Lightning Spi  Summ/Air       ######..     2%          4    ##.....
f - Bolt of Cold          Conj/Ice       #######...   8%          6    ######.
g - Freezing Cloud        Conj/Ice/Air   ######....   14%         6    ######.


Dungeon Overview and Level Annotations

Branches:
Dungeon (14/15)            Temple (1/1) D:6            Lair (6/6) D:10
  Swamp (0/4) Lair:3        Snake (0/4) Lair:2        Slime (0/5) Lair:5
    Orc (2/2) D:11            Elf (0/3) Orc:2
 Vaults: D:13-14

Altars:
Ashenzari
Cheibriados
Dithmenos
Elyvilon
Fedhas
Gozag
Hepliaklqana
Kikubaaqudgha
Makhleb
Nemelex Xobeh
Okawaru
Qazlal
Ru
Sif Muna
Trog
Uskayaw
Vehumet
Wu Jian
Xom
Yredelemnul
Zin
The Shining One
Beogh

Shops:
D:5 ?%   D:10 *?   Orc:2 =*[(

Annotations:
D:10 1 exclusion
D:14 exclusion: Roxanne, Roxanne
Lair:1 exclusion: oklob plant


Message History

* * * LOW HITPOINT WARNING * * *
Your ice beast hits Roxanne but does no damage. x2
You feel much better.
Your ice beast hits Roxanne but does no damage. x2
Casting: Summon Ice Beast
Confirm with . or Enter, or press ? or * to list all spells.
Okay, then.
Casting: Summon Ice Beast
Confirm with . or Enter, or press ? or * to list all spells.
Aiming: Summon Lightning Spire
Press: ? - help, Dir - move target cursor, p - Roxanne An electric hum fills the air.
Your ice beast hits Roxanne.
Your ice beast freezes Roxanne.
Roxanne resists.
Your ice beast hits Roxanne.
Your ice beast freezes Roxanne.
Roxanne resists.
You hit Roxanne.
Roxanne is almost destroyed.
Your ice beast hits Roxanne but does no damage. x2
Roxanne mumbles some strange words.
The crystal spear hits you!
You die...

######
###.8Y.###
#...8@...#
#....Y...#
#........#
#........#
#........+
#........#
#........#
#........#
..
#........#
...


You could see Roxanne, 2 friendly ice beasts and a friendly lightning spire.

Vanquished Creatures
  An orc warlord (Orc:1)
  A stone giant (Orc:2)
  2 dire elephants (Lair:6)
  Josephine (Orc:1)
  A hydra (Lair:3)
  Fannar (D:11)
  2 two-headed ogres
  A centaur warrior (D:13)
  2 orc high priests (Orc:2)
  A death yak (Lair:5)
  An unseen horror (D:13)
  A wizard (D:12)
  A lindwurm (Lair:4)
  Pikel (D:7)
  A phantasmal warrior (D:13)
  4 orc sorcerers (Orc:2)
  2 ugly things (D:13)
  2 slime creatures (D:12)
  3 cyclopes
  A deep elf mage (D:12)
  2 manticores
  A black mamba (Lair:4)
  4 elephants (Lair:6)
  3 gargoyles
  3 kobold demonologists
  3 centaur skeletons
  8 spiny frogs
  A rime drake (Lair:3)
  2 komodo dragons
  A tengu conjurer (D:8)
  3 trolls
  A dream sheep (D:9)
  7 hippogriffs
  4 blink frogs
  8 redbacks (D:13)
  11 yaks
  2 basilisks
  5 wyverns
  A fire elemental (Lair:6)
  8 wraiths
  Eustachio (D:5)
  A hungry ghost (D:13)
  A steam dragon (D:11)
  Menkaure (D:5)
  3 wargs
  A hell hound (Lair:6)
  A soldier ant (D:8)
  6 water moccasins
  7 porcupines
  Duvessa (D:5)
  2 black bears
  21 orc warriors
  2 necrophages
  2 sky beasts
  3 ice beasts
  12 ogres
  3 wolves (Lair:5)
  7 centaurs
  14 big kobolds
  5 crocodiles
  9 bullfrogs
  A wyvern skeleton (D:12)
  4 scorpions
  6 killer bees
  4 howler monkeys
  11 wights
  An electric eel (D:11)
  11 crimson imps
  2 centaur zombies
  2 hounds
  A quasit (D:11)
  4 bullfrog skeletons
  2 bullfrog zombies
  A lava snake (Lair:6)
  4 gnoll shamans
  19 orc priests
  23 orc wizards
  Natasha (thrice) (D:3)
  4 iguanas
  16 worker ants
  A killer bee zombie (D:8)
  A hound zombie (D:6)
  2 hound skeletons
  A howler monkey zombie (D:10)
  Robin (D:2)
  12 gnolls
  A howler monkey skeleton (D:5)
  16 adders
  6 shadow imps
  12 white imps (D:12)
  3 oozes
  An adder zombie (D:8)
  An adder skeleton (D:4)
  11 worms
  2 dart slugs
  3 leopard geckos
  73 orcs
  12 bats
  11 giant cockroaches
  8 hobgoblins
  4 jackals
  2 quokkas
  3 ball pythons
  9 frilled lizards
  A giant cockroach zombie (D:5)
  16 goblins
  18 kobolds
  A leopard gecko skeleton (D:7)
  A leopard gecko zombie (D:7)
  A quokka zombie (D:6)
  16 rats
  2 fungi (D:13)
  A plant (Lair:6)
583 creatures vanquished.

Vanquished Creatures (collateral kills)
  Gastronok (D:11)
  An orc warlord (Orc:1)
  3 dire elephants (Lair:6)
  An ettin (Orc:1)
  A centaur warrior (D:13)
  8 hydras
  An anaconda (Lair:6)
  5 death yaks
  5 two-headed ogres
  2 orc high priests (Orc:2)
  A salamander mystic (Volcano)
  A hell knight (Volcano)
  3 orc knights
  2 ugly things
  6 salamanders (Volcano)
  2 manticores
  8 spiny frogs
  A torpor snail (Lair:2)
  2 black mambas
  A centaur skeleton (D:8)
  A komodo dragon (Lair:6)
  3 rime drakes
  An efreet (D:13)
  A tengu conjurer (D:13)
  2 trolls
  2 slime creatures (D:13)
  10 blink frogs
  A dream sheep (D:9)
  4 hippogriffs
  4 wyverns
  9 basilisks
  34 yaks
  A hungry ghost (D:12)
  2 vampire mosquitoes (D:14)
  8 water moccasins
  2 hell hounds (Lair:6)
  2 porcupines
  17 orc warriors
  4 ogres
  A black bear (D:12)
  A centaur (D:8)
  7 crocodiles
  6 wolves
  2 big kobolds (D:9)
  A bullfrog (Lair:3)
  Dowan (D:5)
  A killer bee (D:10)
  A howler monkey (D:13)
  2 quasits
  A gnoll shaman (D:13)
  6 orc priests
  4 orc wizards
  2 iguanas
  3 gnolls
  21 orcs
  2 fungi
225 creatures vanquished.

Vanquished Creatures (others)
  2 jellies (D:7)
  An adder zombie (D:7)
  20 fungi
  11 plants
34 creatures vanquished.

Grand Total: 842 creatures vanquished

Notes
Turn   | Place    | Note
-------+----------+-------------------------------------------
     0 | D:1      | Mesmaeker13 the Deep Elf Ice Elementalist began the quest for the Orb.
     0 | D:1      | Reached XP level 1. HP: 10/10 MP: 6/6
   135 | D:1      | Reached XP level 2. HP: 10/15 MP: 1/8
   143 | D:1      | Reached skill level 3 in Dodging
   926 | D:2      | Learned a level 2 spell: Throw Frost
   942 | D:2      | Noticed Robin
   956 | D:2      | Reached XP level 3. HP: 19/19 MP: 6/9
  1182 | D:2      | Killed Robin
  1716 | D:2      | Reached XP level 4. HP: 24/24 MP: 7/10
  1817 | D:2      | Reached skill level 4 in Dodging
  2882 | D:3      | Reached XP level 5. HP: 15/28 MP: 2/11
  2996 | D:3      | Noticed Natasha
  3000 | D:3      | Killed Natasha
  3000 | D:3      | Reached skill level 1 in Shields
  3188 | D:3      | Noticed Natasha
  3203 | D:3      | Killed Natasha
  3247 | D:3      | Noticed Natasha
  3389 | D:3      | Killed Natasha
  3389 | D:3      | Reached skill level 5 in Ice Magic
  3813 | D:4      | Learned a level 3 spell: Ozocubu's Armour
  4318 | D:4      | Reached XP level 6. HP: 29/32 MP: 4/12
  4531 | D:4      | Found a bloodstained altar of Trog.
  4775 | D:4      | Learned a level 4 spell: Throw Icicle
  4912 | D:5      | Entered Level 5 of the Dungeon
  4925 | D:5      | Found a glowing drain.
  4944 | Sewer    | Entered a sewer
  5343 | Sewer    | Reached XP level 7. HP: 19/36 MP: 5/13
  6288 | Sewer    | Reached skill level 5 in Conjurations
  6700 | D:5      | Reached skill level 1 in Charms
  6759 | D:5      | Noticed Eustachio
  6884 | D:5      | Killed Eustachio
  6884 | D:5      | Reached XP level 8. HP: 12/41 MP: 7/14
  7292 | D:5      | Noticed Duvessa
  7326 | D:5      | Killed Duvessa
  7340 | D:5      | Noticed Dowan
  7429 | D:5      | Learned a level 4 spell: Summon Ice Beast
  7549 | D:5      | Killed Dowan
  7553 | D:5      | Got a scorched spear {pierce}
  7556 | D:5      | Identified the +10 spear of the Dungeon {pierce, rPois rC++} (You took it off Dowan on level 5 of the Dungeon)
  7595 | D:5      | Noticed Menkaure
  7599 | D:5      | Killed Menkaure
  8092 | D:5      | Found Loabafom's Magic Scroll Emporium.
  8100 | D:5      | Bought a scroll of identify for 20 gold pieces
  8100 | D:5      | Bought a scroll of identify for 20 gold pieces
  8112 | D:5      | Found Girgh's Food Emporium.
  8609 | D:6      | Found a staircase to the Ecumenical Temple.
  8619 | Temple   | Entered the Ecumenical Temple
  8635 | Temple   | Became a worshipper of Sif Muna the Loreminder
  8903 | D:6      | Reached skill level 5 in Charms
  8978 | D:6      | Reached skill level 5 in Dodging
  9219 | D:6      | Reached skill level 1 in Summonings
  9219 | D:6      | Reached XP level 9. HP: 45/45 MP: 15/15
  9996 | D:6      | Found a blossoming altar of Fedhas.
 10515 | D:7      | Noticed Pikel
 10549 | D:7      | Killed Pikel
 10675 | D:7      | Reached skill level 6 in Dodging
 10841 | D:7      | Reached * piety under Sif Muna
 11304 | D:8      | Got a faintly humming helmet
 11315 | D:8      | Identified the +3 helmet of Beauty {-Tele +Fly rN+ Dex+4} (You found it on level 8 of the Dungeon)
 11369 | D:8      | Noticed a two-headed ogre
 11933 | D:8      | Noticed a cyclops
 11933 | D:8      | Noticed a manticore
 12531 | D:9      | Noticed a two-headed ogre
 12672 | D:9      | Killed a two-headed ogre
 12672 | D:9      | Reached skill level 7 in Dodging
 12832 | D:9      | Reached XP level 10. HP: 39/49 MP: 10/16
 12934 | D:9      | Reached ** piety under Sif Muna
 13223 | D:9      | Noticed a two-headed hydra
 13233 | D:9      | Killed a two-headed hydra
 13233 | D:9      | Reached skill level 5 in Summonings
 13805 | D:8      | Reached skill level 8 in Dodging
 13976 | D:8      | Reached skill level 5 in Spellcasting
 14601 | D:8      | Noticed a two-headed ogre
 14609 | D:8      | Killed a two-headed ogre
 14609 | D:8      | Reached skill level 10 in Ice Magic
 14950 | D:8      | Noticed a two-headed ogre
 14963 | D:8      | Killed a two-headed ogre
 15086 | D:8      | Noticed a two-headed ogre
 15100 | D:8      | Killed a two-headed ogre
 15100 | D:8      | Reached skill level 9 in Dodging
 15166 | D:8      | Killed a two-headed ogre
 15166 | D:8      | Reached *** piety under Sif Muna
 15166 | D:8      | Reached XP level 11. HP: 33/54 MP: 4/23
 16158 | D:10     | Entered Level 10 of the Dungeon
 16160 | D:10     | Found Laujouv's Magic Scroll Shop.
 16164 | D:10     | Bought a scroll of identify for 24 gold pieces
 16164 | D:10     | Bought a scroll of identify for 24 gold pieces
 16194 | D:10     | Found a staircase to the Lair.
 16691 | D:10     | Found a stormy altar of Qazlal.
 16762 | D:10     | Reached skill level 1 in Fighting
 17607 | D:10     | Found Cuuddy's Commerce Corner.
 17631 | D:10     | Bought a +2 cloak for 231 gold pieces
 17885 | D:10     | Noticed a two-headed ogre
 17911 | D:10     | Killed a two-headed ogre
 17964 | D:10     | Noticed an ice dragon
 18096 | Lair:1   | Entered Level 1 of the Lair of Beasts
 18102 | Lair:1   | Learned a level 4 spell: Summon Lightning Spire
 18115 | Lair:1   | Reached skill level 10 in Dodging
 18173 | Lair:1   | Reached skill level 1 in Air Magic
 18589 | Lair:1   | Noticed an oklob plant
 18930 | Lair:1   | Reached **** piety under Sif Muna
 20478 | Lair:2   | Noticed a four-headed hydra
 20490 | Lair:2   | Killed a four-headed hydra
 20602 | Lair:2   | Found a staircase to the Snake Pit.
 20774 | Lair:2   | Reached XP level 12. HP: 32/65 MP: 14/27
 21599 | Lair:3   | Reached skill level 11 in Dodging
 21640 | Lair:3   | Found a staircase to the Swamp.
 22004 | Lair:3   | Noticed a six-headed hydra
 22018 | Lair:3   | Killed a six-headed hydra
 22193 | Lair:3   | Reached skill level 5 in Air Magic
 23038 | Lair:4   | Noticed a five-headed hydra
 23050 | Lair:4   | Killed a five-headed hydra
 23050 | Lair:4   | Reached skill level 5 in Fighting
 23189 | Lair:4   | Reached ***** piety under Sif Muna
 23204 | Lair:4   | Learned a level 6 spell: Bolt of Cold
 23372 | Lair:4   | Noticed a five-headed hydra
 23470 | Lair:4   | Found a dark tunnel.
 23492 | Volcano  | Entered a volcano
 23620 | Volcano  | Found a burning altar of Makhleb.
 23680 | Volcano  | Reached skill level 12 in Dodging
 24143 | Lair:4   | Killed a five-headed hydra
 24331 | Lair:5   | Identified Sif Muna's Guide on Lucky Calling (Sif Muna gifted it to you on level 5 of the Lair of Beasts)
 24331 | Lair:5   | Received a gift from Sif Muna
 24579 | Lair:5   | Reached XP level 13. HP: 70/74 MP: 24/28
 24657 | Lair:5   | Found a staircase to the Slime Pits.
 25775 | Lair:5   | Got a polished leather armour
 26157 | Lair:6   | Entered Level 6 of the Lair of Beasts
 26877 | Lair:6   | Found a hide-covered altar of Uskayaw.
 27279 | Lair:6   | Reached skill level 13 in Dodging
 27700 | Lair:6   | Identified the +2 leather armour "Zaafigh" {Dex+3} (You found it on level 5 of the Lair of Beasts)
 27780 | Lair:6   | Noticed a dire elephant
 27795 | Lair:6   | Killed a dire elephant
 27987 | Lair:6   | Noticed a dire elephant
 27987 | Lair:6   | Noticed a dire elephant
 28252 | Lair:6   | Noticed a dire elephant
 28268 | Lair:6   | Noticed a dire elephant
 28416 | Lair:6   | Noticed a dire elephant
 28436 | Lair:6   | Killed a dire elephant
 28555 | Lair:6   | Killed a dire elephant
 29072 | Lair:6   | Killed a dire elephant
 29268 | Lair:6   | Killed a dire elephant
 29745 | Lair:1   | Learned a level 6 spell: Freezing Cloud
 29764 | D:10     | Bought a scroll of identify for 24 gold pieces
 29764 | D:10     | Bought a scroll of identify for 24 gold pieces
 29765 | D:10     | Identified a scroll of acquirement
 29901 | D:5      | Bought a scroll of identify for 20 gold pieces
 29901 | D:5      | Bought a scroll of identify for 20 gold pieces
 30146 | D:11     | Reached skill level 10 in Conjurations
 30825 | D:11     | Noticed Fannar
 30841 | D:11     | Killed Fannar
 30988 | D:11     | Found a staircase to the Orcish Mines.
 31005 | D:11     | Found a roughly hewn altar of Beogh.
 31219 | D:11     | Reached XP level 14. HP: 82/82 MP: 16/29
 31419 | D:11     | Noticed Gastronok
 31436 | D:11     | Killed Gastronok
 32139 | D:12     | Identified Berecryck's Guide on Supportive Poisoning (Sif Muna gifted it to you on level 12 of the Dungeon)
 32139 | D:12     | Received a gift from Sif Muna
 33178 | D:13     | Reached skill level 14 in Dodging
 33865 | D:13     | Got a smoking great sword {freeze}
 34300 | Lair:1   | Identified the +3 great sword of Zippy {freeze, rC++} (You took it off a gnoll shaman on level 13 of the Dungeon)
 34446 | Orc:1    | Entered Level 1 of the Orcish Mines
 34501 | Orc:2    | Entered Level 2 of the Orcish Mines
 34839 | Orc:1    | Noticed Josephine
 34843 | Orc:1    | Killed Josephine
 35190 | Orc:2    | Noticed a stone giant
 35205 | Orc:2    | Killed a stone giant
 35305 | Orc:2    | Noticed an orc warlord
 35897 | Orc:1    | Killed an orc warlord
 36222 | Orc:2    | Found a staircase to the Elven Halls.
 36344 | Orc:2    | Identified Sif Muna's Guide on Shifting Curses (Sif Muna gifted it to you on level 2 of the Orcish Mines)
 36344 | Orc:2    | Received a gift from Sif Muna
 36433 | Orc:2    | Noticed an orc warlord
 36451 | Orc:1    | Killed an orc warlord
 37307 | Orc:2    | Found Mebitz's General Store.
 37308 | Orc:2    | Found Syelow's Jewellery Shoppe.
 37309 | Orc:2    | Found Sistysue's Antique Armour Emporium.
 37309 | Orc:2    | Found Wiynirir's Antique Weapon Emporium.
 37606 | D:13     | Reached XP level 15. HP: 62/89 MP: 0/30
 37924 | D:14     | Noticed Roxanne
 37965 | D:14     | Killed from afar by Roxanne

Skill      XL: |  1  2  3  4  5  6  7  8  9 10 11 12 13 14 15 |
---------------+----------------------------------------------+-----
Dodging        | 3 4 5 7 9 10 12 13 14 | 14.8
Ice Magic      | 4 5 6 7 9 10 11 12 | 12.7
Conjurations   | 2 3 4 5 6 8 10 11 | 11.8
Shields        | 1 2 3 4 |  4.1
Charms         | 2 5 |  5.1
Summonings     | 1 4 6 7 9 |  9.4
Spellcasting   | 6 9 |  9.0
Fighting       | 3 5 7 8 9 |  9.0
Air Magic      | 3 6 7 |  7.9
Stealth        | |  2.4

Action                   |  1- 3 |  4- 6 |  7- 9 | 10-12 | 13-15 || total
-------------------------+-------+-------+-------+-------+-------++-------
Melee: Unarmed           |     4 |       |       |       |       ||     4
       Short sword       |    47 |    96 |    56 |       |       ||   199
       Spear             |       |       |   186 |   351 |   750 ||  1287
Throw: Throwing net      |       |       |     2 |       |       ||     2
 Cast: Freeze            |    25 |    74 |    87 |   186 |    40 ||   412
       Throw Frost       |     2 |    13 |    14 |       |       ||    29
       Ozocubu's Armour  |       |     2 |     6 |     8 |     9 ||    25
       Throw Icicle      |       |       |    11 |    31 |    30 ||    72
       Summon Ice Beast  |       |       |    15 |    94 |   125 ||   234
       Summon Lightning  |       |       |       |    22 |    41 ||    63
       Bolt of Cold      |       |       |       |     2 |    66 ||    68
       Freezing Cloud    |       |       |       |       |    30 ||    30
Invok: Channel Magic     |       |       |       |       |     2 ||     2
       Forget Spell      |       |       |       |       |     1 ||     1
Evoke: Wand              |       |       |     2 |     6 |     5 ||    13
  Use: Scroll            |     3 |     4 |    11 |    10 |    13 ||    41
       Potion            |       |       |     1 |     2 |     4 ||     7
 Stab: Sleeping          |     8 |     9 |     6 |    11 |     4 ||    38
       Distracted        |       |       |     1 |     3 |    12 ||    16
       Confused          |       |       |       |     1 |       ||     1
  Eat: Chunk             |     2 |     8 |    24 |    31 |    61 ||   126
       Ration            |       |     1 |     2 |     5 |     9 ||    17
Armor: Robe              |     8 |    31 |       |       |       ||    39
       Leather armour    |       |     3 |    53 |   101 |   106 ||   263
Dodge: Dodged            |    37 |   112 |   160 |   333 |   635 ||  1277
Block: Buckler           |       |       |    34 |   134 |   220 ||   388
